 Dungeon Crawl Stone Soup version 0.28-a0-224-g76b539d98b (webtiles) character file.

Game seed: 6384523702953420754

112 porpoise the Skirmisher (level 4, -24/52 HPs)
             Began as an Ogre Arcane Marksman on Aug 22, 2021.
             Annihilated by an ogre (28 damage)
             ... on level 4 of the Dungeon.
             The game lasted 00:11:27 (4357 turns).

porpoise the Skirmisher (Ogre Arcane Marksman)      Turns: 4357, Time: 00:11:28

Health: -24/52     AC:  3    Str: 14    XL:     4   Next: 95%
Magic:  5/5        EV:  9    Int: 15    God:
Gold:   117        SH:  0    Dex:  9    Spells: 0/5 levels left

rFire   . . .      SeeInvis .   a - +0 flail
rCold   . . .      Faith    .   (no shield)
rNeg    . . .      Spirit   .   f - +0 robe
rPois   .          Reflect  .   (helmet restricted)
rElec   .          Harm     .   (no cloak)
rCorr   .          Rampage  .   (gloves unavailable)
Will    .....                   (boots unavailable)
Stlth   +.........              (no amulet)
HPRegen 0.17/turn               (no ring)
MPRegen 0.09/turn               (no ring)

@: flying
A: large, unfitting armour, tough skin 1
a: no special abilities


You were on level 4 of the Dungeon.
You visited 1 branch of the dungeon, and saw 4 of its levels.

You collected 117 gold pieces.

Inventory:

Hand Weapons
 a - a +0 flail (weapon)
 b - a +0 hunting sling
Missiles
 c - a throwing net
 d - 59 stones
 e - 20 bolts
 h - 21 arrows
 m - 29 sling bullets
 q - 18 poisoned darts
 s - a large rock (quivered)
Armour
 f - a +0 robe (worn)
Scrolls
 j - a scroll of amnesia {unknown}
 n - a scroll of identify {unknown}
 r - a scroll of magic mapping {unknown}
Potions
 g - a potion of attraction {unknown}
 i - a potion of curing {unknown}
 k - a potion of degeneration {unknown}
 l - a potion of flight
 o - a potion of ambrosia {unknown}
 p - a potion of invisibility {unknown}


   Skills:
 + Level 5.6 Fighting
 + Level 1.1 Maces & Flails
 - Level 2.0 Throwing
 - Level 1.7 Dodging
 - Level 1.2 Spellcasting
 - Level 2.6 Hexes


You couldn't memorise any spells.
You knew the following spells:

 Your Spells              Type           Power      Damage    Failure   Level
a - Corona                Hex            8%         N/A       9%          1
k - Blink                 Tloc           N/A        N/A       36%         2
w - Wereblood             Tmut           0%         N/A       36%         2

Your spell library contained the following spells:

 Spells                   Type           Power      Damage    Failure   Level
 Slow                     Hex            8%         N/A       12%         2
 Beastly Appendage        Tmut           0%         N/A       24%         1
 Inner Flame              Hex/Fire       4%         N/A       38%         3
 Portal Projectile        Hex/Tloc       8%         N/A       38%         3
 Lesser Beckoning         Tloc           0%         N/A       58%         3
 Spider Form              Tmut/Pois      0%         N/A       58%         3
 Cause Fear               Hex            4%         N/A       63%         4
 Manifold Assault         Tloc           0%         N/A       100%        5


Dungeon Overview and Level Annotations

Branches:
Dungeon (4/15)
 Temple: D:4-7

Altars:


Innate Abilities, Weirdness & Mutations

You are too large for most types of armour.
You have tough skin. (AC +1)


Message History

The ball python hisses angrily.
You shoot a stone. The stone hits the ball python.
You kill the ball python!
No target in view!
No target in view!
d - 59 stones (gained 1)
d - 60 stones (gained 1)
An ogre comes into view. It is wielding a +0 giant club.
Found 17 gold pieces.
The ogre shouts!
You shoot a stone. The stone hits the ogre.
The ogre is lightly wounded.
a - a +0 flail (weapon)
Throw: 4 large rocks
Press: ? - help, Q - select action, (/) - cycle Shift-Dir - straight line, f/p - ogre
Aim: an ogre, wielding a +0 giant club (lightly wounded, 73% to hit)
You throw a large rock. The large rock closely misses the ogre.
Throw: 3 large rocks
Press: ? - help, Q - select action, (/) - cycle Shift-Dir - straight line, f/p - ogre
Aim: an ogre, wielding a +0 giant club (lightly wounded, 73% to hit)
You throw a large rock. The large rock hits the ogre!
The ogre is severely wounded.
The ogre hits you with a +0 giant club!!
Throw: 2 large rocks
Press: ? - help, Q - select action, (/) - cycle Shift-Dir - straight line, f/p - ogre
Aim: an ogre, wielding a +0 giant club (severely wounded, 73% to hit)
You throw a large rock.
The large rock completely misses the ogre.
The ogre hits you with a +0 giant club!!
Ouch! That really hurt!
* * * LOW HITPOINT WARNING * * *
You hit the ogre.
The ogre is severely wounded.
The ogre barely misses you.
It was a potion of flight.
You feel very buoyant.
You fly up into the air.
The ogre hits you with a +0 giant club!!
Ouch! That really hurt!
You die...

#....#####
..##....##... #######
............. #.....#
............. #......
............. #.....#
..##....###..
#.....#######....###..
#.....................
#....@##..............
#....O##..............
#....(#....######..#..
#.....###### ######
#.....# #......
#....(. #...$(.


You could see an ogre.

Vanquished Creatures
  Terence (D:2)
  3 adders
  A worm (D:3)
  A dart slug (D:1)
  3 orcs (D:3)
  5 endoplasms
  5 giant cockroaches
  6 hobgoblins
  A quokka (D:3)
  4 ball pythons
  8 bats
  A frilled lizard (D:1)
  2 goblins
  8 kobolds
  3 rats
52 creatures vanquished.

Notes
Turn   | Place    | Note
-------+----------+-------------------------------------------
     0 | D:1      | porpoise the Ogre Arcane Marksman began the quest for the
                  | Orb.
     0 | D:1      | Reached XP level 1. HP: 19/19 MP: 2/2
   334 | D:1      | Reached skill level 2 in Fighting
   397 | D:1      | Found a faded altar of an unknown god.
   516 | D:1      | Reached XP level 2. HP: 17/29 MP: 3/3
   669 | D:1      | Reached skill level 3 in Fighting
  1411 | D:1      | Learned a level 2 spell: Blink
  1481 | D:2      | Reached skill level 4 in Fighting
  1481 | D:2      | Reached XP level 3. HP: 36/39 MP: 4/4
  2049 | D:2      | Noticed Terence
  2060 | D:2      | HP: 1/40 [Terence (7)]
  2061 | D:2      | Killed Terence
  2062 | D:2      | Reached skill level 5 in Fighting
  2062 | D:2      | Reached XP level 4. HP: 2/50 MP: 5/5
  2995 | D:3      | HP: 2/50 [poisoned by an adder]
  3310 | D:3      | Learned a level 2 spell: Wereblood
  3777 | D:3      | Reached skill level 1 in Maces & Flails
  4350 | D:4      | Noticed an ogre
  4357 | D:4      | Annihilated by an ogre

Illustrated notes

Levels and vault maps discovered:
D:1:      evilmike_arrival_plus, layout_loops_ring,
          hellmonk_ecumenical_altar_inner_sanctum
D:2:      layout_basic, uniq_terence
D:3:      layout_rooms, fountainhead, serial_bayou_crossing
D:4:      layout_gridville, minmay_temple_entry_hall

Skill      XL: |  1  2  3  4 |
---------------+-------------+-----
Fighting       | 2 4 5 |  5.6
Maces & Flails | 1 |  1.1
Throwing       | |  2.0
Dodging        | |  1.7
Spellcasting   | |  1.2
Hexes          | |  2.6

Action                   |  1- 3 |  4- 6 || total
-------------------------+-------+-------++-------
Melee: Short sword       |    43 |       ||    43
       Whip              |     7 |       ||     7
       Unarmed           |     3 |       ||     3
       Dagger            |    54 |       ||    54
       Flail             |       |    71 ||    71
 Fire: Hunting sling     |       |    23 ||    23
Throw: Large rock        |     4 |     5 ||     9
       Throwing net      |     2 |       ||     2
       Stone             |       |    24 ||    24
  Use: Potion            |       |     1 ||     1
 Stab: Sleeping          |     2 |       ||     2
Armor: Robe              |    30 |    24 ||    54
Dodge: Dodged            |    53 |    46 ||    99

Table legend: (Time is in decaauts)
 A = Elapsed time spent in this place.
 B = Non-inter-level travel time spent in this place.
 C = Inter-level travel time spent in this place.
 D = Time resting spent in this place.
 E = Time spent auto-exploring this place.
 F = Levels seen in this place.
 G = Mean time per level.
                   A        B        C        D        E       F      G
               +--------+--------+--------+--------+--------+-----+--------+
         Total |   4407 |   4336 |     71 |   2054 |   1713 |   4 | 1101.8 |
       Dungeon |   4407 |   4336 |     71 |   2054 |   1713 |   4 | 1101.8 |
               +--------+--------+--------+--------+--------+-----+--------+

Top non-repeatable levels by time:
     D:2: 1534 daAuts
     D:1: 1435 daAuts
     D:3: 1362 daAuts
     D:4: 75 daAuts
